AoeStats
← 海峡

Arena

508405434Analyzed
4v4 RM · 11d ago on Sep 22, 2026· 53m 16s· 8 players
Game mode
Random Map
Map size
Large (8 player)
Population
200
Speed
Normal
Resources
Standard
Victory
Conquest
Starting age
Dark Age
Ending age
Imperial Age
RankedLock teamsTeams togetherTeam positionsShared explorationLock speedFull tech treeHidden civsTurbo modeCheats
Victory
Defeat
🇨🇳 Burgundians · China
1458
+9
🇨🇳 Franks · China
1328
+14
🇦🇷 Tatars · Argentina
1279
+16
🇨🇳 Mongols · China
1158
+22
🇨🇳 Celts · China
1302
-16
🇨🇳 Bohemians · China
1293
-15
🇨🇳 Malay · China
1292
-15
🇭🇰 Britons · Hong Kong SAR China
1276
-15
leung
10:58 Feudal Age
12:03 Double-Bit Axe
12:00 Horse Collar
12:14 Stone Mining
15:18 Castle Age
16:14 Bow Saw
16:06 Heavy Plow
19:05 Wheelbarrow
19:59 Gold Mining
22:19 Hand Cart
24:19 Gold Shaft Mining
27:58 Imperial Age
26:19 Fletching
26:55 Loom
26:55 Town Watch
27:12 Bodkin Arrow
28:01 Elite Longbowman
31:09 Two-Man Saw
31:13 Ballistics
30:57 Bracer
31:20 Town Patrol
32:35 Yeomen
32:37 Conscription
33:48 Padded Archer Armor
34:57 Leather Archer Armor
37:27 Ring Archer Armor
37:30 Fortified Wall
37:30 Masonry
2265138721
10:59 Feudal Age
12:11 Double-Bit Axe
14:36 Castle Age
12:25 Double-Bit Axe
12:43 Horse Collar
16:09 Bow Saw
21:19 Heavy Plow
21:58 Wheelbarrow
22:32 Loom
26:42 Imperial Age
24:17 Scale Mail Armor
26:27 Chemistry
24:54 Pikeman
26:45 Fletching
27:19 Hand Cart
32:11 Two-Man Saw
31:40 Bodkin Arrow
32:04 Chain Mail Armor
31:59 Forging
31:12 Halberdier
31:53 Squires
33:32 Bombard Tower
33:09 Treadmill Crane
33:39 Masonry
33:50 Padded Archer Armor
35:10 Leather Archer Armor
34:51 Bodkin Arrow
34:43 Elite Skirmisher
36:57 Ring Archer Armor
36:51 Ballistics
37:00 Conscription
39:45 Bracer
41:16 Siege Engineers
41:42 Architecture
42:43 Houfnice
48:11 Plate Mail Armor
48:17 Iron Casting
51:07 Blast Furnace
卑牧之
10:21 Feudal Age
14:11 Castle Age
12:15 Double-Bit Axe
12:51 Horse Collar
19:45 Loom
20:41 Bow Saw
21:43 Heavy Plow
22:02 Gold Mining
22:46 Stone Mining
24:50 Wheelbarrow
28:00 Imperial Age
26:16 Scale Mail Armor
26:27 Forging
26:54 Stone Shaft Mining
26:58 Gold Shaft Mining
26:43 Pikeman
27:41 Chain Mail Armor
27:30 Treadmill Crane
28:51 Iron Casting
29:17 Plate Mail Armor
29:10 Hand Cart
28:41 Town Watch
30:14 Chemistry
28:44 Halberdier
29:10 Arson
31:02 Conscription
32:43 Blast Furnace
32:44 Heavy Scorpion
34:53 Fletching
35:24 Furor Celtica
43:15 Ballistics
43:10 Masonry
43:11 Fortified Wall
44:15 Siege Engineers
45:00 Hoardings
44:20 Stronghold
46:19 Bodkin Arrow
mipolin
12:11 Feudal Age
15:01 Castle Age
13:10 Horse Collar
15:32 Double-Bit Axe
16:59 Bow Saw
19:24 Heavy Plow
20:02 Gold Mining
22:13 Wheelbarrow
23:55 Hand Cart
28:06 Imperial Age
26:03 Loom
27:00 Forging
26:56 Scale Barding Armor
26:59 Husbandry
27:06 Elite Battle Elephant
28:29 Iron Casting
29:35 Gold Shaft Mining
30:41 Blast Furnace
30:38 Stone Mining
35:12 Caravan
40:17 Guilds
40:54 Devotion
The Goat
9:57 Feudal Age
8:33 Loom
14:18 Castle Age
12:21 Double-Bit Axe
12:57 Horse Collar
22:10 Fervor
23:45 Light Cavalry
26:37 Wheelbarrow
26:09 Gold Mining
26:24 Town Watch
28:55 Town Patrol
31:35 Imperial Age
29:21 Hand Cart
29:01 Stone Mining
29:52 Gold Shaft Mining
29:30 Bow Saw
29:24 Heavy Plow
29:37 Fortified Wall
29:29 Fletching
29:53 Masonry
30:04 Ballistics
29:48 Silk Armor
30:23 Bodkin Arrow
30:28 Padded Archer Armor
30:40 Bloodlines
30:30 Husbandry
30:36 Husbandry
32:45 Bracer
34:12 Chemistry
33:56 Heavy Cavalry Archer
35:42 Coinage
35:44 Leather Archer Armor
35:40 Hussar
37:19 Timurid Siegecraft
38:07 Siege Engineers
39:13 Ring Archer Armor
38:48 Scale Barding Armor
38:54 Forging
40:57 Conscription
42:30 Crop Rotation
43:22 Chain Barding Armor
43:38 Iron Casting
44:04 Iron Casting
45:22 Murder Holes
46:07 Plate Barding Armor
46:33 Blast Furnace
48:26 Treadmill Crane
海峡
3:31 Double-Bit Axe
6:51 Horse Collar
9:33 Gold Mining
12:25 Feudal Age
13:58 Bow Saw
16:40 Castle Age
14:43 Heavy Plow
15:34 Gold Shaft Mining
19:05 Two-Man Saw
21:17 Imperial Age
20:03 Two-Man Saw
20:04 Crop Rotation
22:05 Capped Ram
27:24 Wheelbarrow
27:59 Scale Mail Armor
30:49 Squires
31:38 Forging
32:36 Loom
36:27 Coinage
36:40 Block Printing
37:12 Illumination
39:11 Sanctity
39:02 Fervor
39:03 Redemption
还有遗憾吗
10:57 Feudal Age
14:52 Castle Age
13:07 Double-Bit Axe
13:06 Horse Collar
19:48 Stone Mining
28:28 Imperial Age
25:44 Loom
27:16 Wheelbarrow
26:27 Town Watch
26:36 Fletching
26:49 Gold Mining
27:14 Bow Saw
27:07 Heavy Plow
27:53 Stone Shaft Mining
28:04 Gold Shaft Mining
27:49 Bodkin Arrow
27:55 Padded Archer Armor
28:31 Ballistics
28:44 Padded Archer Armor
29:31 Conscription
30:25 Chemistry
29:23 Murder Holes
29:38 Masonry
29:39 Fortified Wall
29:46 Husbandry
29:56 Bloodlines
30:30 Elite Mangudai
31:19 Thumb Ring
31:44 Parthian Tactics
31:57 Leather Archer Armor
32:51 Bracer
33:18 Hand Cart
33:03 Town Patrol
32:44 Light Cavalry
36:12 Squires
35:32 Pikeman
36:24 Forging
36:14 Scale Mail Armor
37:25 Coinage
37:59 Drill
37:40 Nomads
38:16 Hoardings
38:54 Arson
39:48 Iron Casting
39:28 Chain Mail Armor
38:41 Capped Ram
40:15 Siege Engineers
39:41 Siege Ram
40:02 Hussar
41:46 Blast Furnace
45:13 Plate Mail Armor
44:48 Scale Barding Armor
51:55 Chain Barding Armor
你好骚啊
9:54 Feudal Age
13:46 Castle Age
11:42 Double-Bit Axe
15:12 Bow Saw
23:18 Wheelbarrow
24:02 Gold Mining
25:27 Hand Cart
27:44 Imperial Age
25:22 Scale Barding Armor
25:27 Forging
25:30 Loom
26:31 Gold Shaft Mining
26:38 Chain Barding Armor
26:28 Forging
27:16 Forging
27:29 Husbandry
28:57 Iron Casting
27:46 Cavalier
28:59 Conscription
29:23 Plate Barding Armor
28:53 Chivalry
30:08 Chemistry
29:39 Stone Mining
30:51 Blast Furnace
29:21 Paladin
31:29 Fletching
31:40 Padded Archer Armor
31:23 Light Cavalry
34:08 Bodkin Arrow
34:59 Ballistics
35:27 Leather Archer Armor
35:12 Scale Mail Armor
36:25 Coinage
40:05 Chain Mail Armor
40:00 Pikeman
40:40 Squires
40:25 Arson
44:55 Banking
46:01 Plate Mail Armor
45:53 Caravan
53:30 Masonry
53:25 Siege Engineers
53:32 Fortified Wall
53:12 Town Watch
53:51 Ballistics
Connection lost

Rejoining the realm…

Still unreachable

The connection could not be restored.

Session expired

The server has moved on; the page needs a fresh start.